[Event "Titled Tuesday Blitz February 07 Early 2023"]
[White "Defend, Balint"]
[Black "Averjanov, Alexey"]
[WhiteFideId "17004853"]
[BlackFideId "14109867"]
[WhiteElo "1673"]
[BlackElo "2399"]
[Result "1-0"]
[Round "10"]
[TimeControl "180+2"]
[Date "2023.02.07"]
[WhiteClock "0:01:07"]
[BlackClock "0:00:08"]

1. e4 c6 2. d4 d5 3. e5 Bf5 4. h4 h5 5. Bd3 Bxd3 6. Qxd3 e6 7. Bg5 Qa5+ 8. Nd2 Qa6 9. c4 Bb4 10. Nf3 Nd7 11. a3 dxc4 12. Qc2 Nb6 13. O-O Bxd2 14. Nxd2 Nh6 15. a4 Nf5 16. a5 Nd5 17. Nxc4 f6 18. exf6 gxf6 19. Rfe1 O-O-O 20. Be3 Rhg8 21. Qe4 Rde8 22. Rac1 Rg4 23. Qb1 Reg8 24. g3 Nxg3 25. fxg3 Rxg3+ 26. Kh2 Rg2+ 27. Kh1 R2g4 28. Bf2 Kd7 29. Qh7+ R8g7 30. Qxh5 Qb5 31. Rxe6 Kxe6 32. Qe8+ Kf5 33. Nd6+ Kf4 34. Qe4# 1-0


[Site "https://www.chess.com"]

[Event "Titled Tuesday Blitz February 07 Early 2023"]
[White "Ibarra Jerez, Jose Carlos"]
[Black "Song, Julien"]
[WhiteFideId "2226332"]
[BlackFideId "659487"]
[WhiteElo "2563"]
[BlackElo "2350"]
[Result "1-0"]
[Round "10"]
[TimeControl "180+2"]
[Date "2023.02.07"]
[WhiteClock "0:00:05"]
[BlackClock "0:00:04"]

1. e4 e6 2. d4 d5 3. Nd2 c5 4. exd5 Qxd5 5. Ngf3 cxd4 6. Bc4 Qd7 7. O-O Nc6 8. Nb3 a6 9. a4 Nf6 10. Qe2 Bd6 11. Rd1 e5 12. Nbxd4 Nxd4 13. Rxd4 Qe7 14. Rxd6 Qxd6 15. b3 Bg4 16. Ba3 Bxf3 17. Qxf3 Qc7 18. Rd1 Rd8 19. Re1 Rd7 20. Qf5 Kd8 21. g4 Re8 22. Bb2 Rde7 23. g5 Nd7 24. Qxh7 f6 25. Qf5 Nb6 26. Bf1 Nd5 27. Rd1 Rd7 28. Bh3 Nb6 29. Re1 Qc6 30. a5 Nd5 31. Rd1 Ree7 32. c4 Nf4 33. Rxd7+ Rxd7 34. Qxd7+ Qxd7 35. Bxd7 Kxd7 36. gxf6 gxf6 37. h4 Ke6 38. Kh2 Kf5 39. Kg3 Ne2+ 40. Kf3 Ng1+ 41. Ke3 Kg4 42. Ke4 Nf3 43. c5 f5+ 44. Kd5 e4 45. Bc1 Nxh4 46. b4 Ng2 47. c6 bxc6+ 48. Kxc6 f4 49. b5 e3 50. Bxe3 fxe3 51. fxe3 Nxe3 52. bxa6 1-0


[Site "https://www.chess.com"]

[Event "Titled Tuesday Blitz February 07 Early 2023"]
[White "Harsh Suresh"]
[Black "Lorenzo De La Riva, Lazaro"]
[WhiteFideId "45018464"]
[BlackFideId "2268809"]
[WhiteElo "2298"]
[BlackElo "2404"]
[Result "1-0"]
[Round "10"]
[TimeControl "180+2"]
[Date "2023.02.07"]
[WhiteClock "0:01:11"]
[BlackClock "0:00:37"]

1. e4 e5 2. Nf3 Nc6 3. Bb5 a6 4. Ba4 Nf6 5. O-O b5 6. Bb3 Bc5 7. c3 d6 8. d4 Bb6 9. a4 O-O 10. axb5 Na5 11. Bc2 Bg4 12. b4 Nc4 13. Bd3 axb5 14. Rxa8 Qxa8 15. d5 c6 16. Bg5 Ne8 17. Bxc4 bxc4 18. Be7 c5 19. Bxf8 Kxf8 20. b5 Qa5 21. Nbd2 Qxc3 22. Qc1 Qd3 23. Qxc4 Qa3 24. Qb3 Qxb3 25. Nxb3 c4 26. Nbd2 c3 27. Nc4 Bc5 28. Rc1 Bb4 29. b6 Bc8 30. Ne1 Ba6 31. Nd3 Bc5 32. Nxc5 dxc5 33. Rxc3 Ke7 34. Na5 Nd6 35. b7 Bxb7 36. Rxc5 Ba6 37. Rc7+ Kd8 38. Rc6 1-0


[Site "https://www.chess.com"]

[Event "Titled Tuesday Blitz February 07 Early 2023"]
[White "Iniyan, P"]
[Black "Golubev, Mikhail"]
[WhiteFideId "25002767"]
[BlackFideId "14100983"]
[WhiteElo "2525"]
[BlackElo "2461"]
[Result "1-0"]
[Round "10"]
[TimeControl "180+2"]
[Date "2023.02.07"]
[WhiteClock "0:01:18"]
[BlackClock "0:00:06"]

1. b3 d6 2. Bb2 Nd7 3. f4 Ngf6 4. Nf3 e5 5. fxe5 dxe5 6. e3 e4 7. Nd4 Ne5 8. Be2 Bd6 9. O-O Nfg4 10. h3 h5 11. Nb5 Nf6 12. N1a3 Be6 13. Nxd6+ cxd6 14. Nb5 Qd7 15. Ba3 O-O 16. Bxd6 Nf3+ 17. gxf3 Bxh3 18. Bxf8 Bxf1 19. Qxf1 Rxf8 20. Nd4 Qc7 21. f4 Nd5 22. Qg2 Qb6 23. Qxe4 f5 24. Qxd5+ 1-0


[Site "https://www.chess.com"]

[Event "Titled Tuesday Blitz February 07 Early 2023"]
[White "Cella, Glaucio Dalla Cortt"]
[Black "Cherniaiev, Tykhon"]
[WhiteFideId "2119455"]
[BlackFideId "14182360"]
[WhiteElo "1894"]
[BlackElo "2330"]
[Result "1/2-1/2"]
[Round "10"]
[TimeControl "180+2"]
[Date "2023.02.07"]
[WhiteClock "0:00:16"]
[BlackClock "0:00:10"]

1. e4 e5 2. Nf3 Nc6 3. d4 exd4 4. Bc4 Nf6 5. e5 d5 6. Bb5 Ne4 7. Nxd4 Bd7 8. Bxc6 bxc6 9. O-O Bc5 10. Be3 O-O 11. f3 Ng5 12. f4 Ne4 13. Nd2 f5 14. Nxe4 dxe4 15. Nxf5 Bxf5 16. Bxc5 Re8 17. h3 Qh4 18. Qe2 Red8 19. g4 Be6 20. Kh2 h5 21. Bf2 Qe7 22. f5 Bd5 23. c4 e3 24. Qxe3 Bxc4 25. Rg1 Rd3 26. Qc5 Qxc5 27. Bxc5 Bd5 28. gxh5 Rd2+ 29. Kg3 Rxb2 30. e6 Kh7 31. Kh4 Rc2 32. Bd4 Rg8 33. Bxa7 Bxa2 34. Bd4 Bd5 35. Be5 Rc4+ 36. Rg4 Rc2 37. Rag1 Rc4 38. Bxc7 Be4 39. Be5 Bd5 40. Rxc4 Bxc4 41. Rg6 Bd3 42. Kg5 c5 43. e7 c4 44. f6 gxf6+ 45. Bxf6 Rxg6+ 46. hxg6+ Bxg6 47. h4 Be8 48. Kf4 Kg6 49. Bg5 c3 50. Ke3 c2 51. Kd2 Ba4 52. Kc1 Kh5 53. Kd2 Kg6 54. Kc1 Kh5 55. e8=Q+ Bxe8 56. Kxc2 Bg6+ 57. Kd2 Bf7 58. Ke3 Bg6 59. Kf4 Be8 60. Ke5 Ba4 61. Kf6 Bd1 1/2-1/2


[Site "https://www.chess.com"]

[Event "Titled Tuesday Blitz February 07 Early 2023"]
[White "Morefield, Jason"]
[Black "Kleiman, Jake"]
[WhiteFideId "30920825"]
[BlackFideId "2020041"]
[WhiteElo "2167"]
[BlackElo "2399"]
[Result "1-0"]
[Round "10"]
[TimeControl "180+2"]
[Date "2023.02.07"]
[WhiteClock "0:00:54"]
[BlackClock "0:01:55"]

1. e4 e5 2. Nf3 Nc6 3. Bb5 a6 4. Ba4 Nf6 5. O-O b5 6. Bb3 Bc5 7. a4 Rb8 8. axb5 axb5 9. c3 d6 10. d4 Bb6 11. Na3 O-O 12. Nxb5 Bg4 13. Re1 exd4 14. cxd4 Bxf3 15. Qxf3 Nxd4 16. Nxd4 Bxd4 17. Ra4 Be5 18. g3 Rb6 19. Re2 Qb8 20. Ra3 Qb7 21. Bg5 Bxb2 22. Rxb2 Nxe4 23. Be7 Rb8 24. Bxf7+ 1-0


[Site "https://www.chess.com"]

[Event "Titled Tuesday Blitz February 07 Early 2023"]
[White "Matinian, Nikita"]
[Black "Borrmann, Laurenz"]
[WhiteFideId "24129100"]
[BlackFideId "312187930"]
[WhiteElo "2407"]
[BlackElo "2304"]
[Result "1-0"]
[Round "10"]
[TimeControl "180+2"]
[Date "2023.02.07"]
[WhiteClock "0:00:53"]
[BlackClock "0:00:10"]

1. e4 c6 2. Qe2 d5 3. d3 dxe4 4. dxe4 e5 5. g3 Nf6 6. a4 b6 7. Nd2 Ba6 8. Qf3 Bxf1 9. Kxf1 Nbd7 10. Ne2 Be7 11. h4 Nc5 12. h5 h6 13. Nc3 Qd7 14. Kg2 O-O 15. Qf5 Qxf5 16. exf5 Nd5 17. Nce4 Nb4 18. c3 Nbd3 19. Nxc5 bxc5 20. Nc4 Rab8 21. Be3 f6 22. Rhd1 Rfd8 23. Rab1 Kf7 24. Kf3 Rd7 25. Rd2 Rbd8 26. Rbd1 Rd5 27. Ke4 Nxb2 28. Nxb2 Rxd2 29. Rxd2 Rb8 30. Nc4 Rb3 31. Kd3 Ke8 32. Kc2 Rb7 33. Nd6+ Bxd6 34. Rxd6 1-0


[Site "https://www.chess.com"]

[Event "Titled Tuesday Blitz February 07 Early 2023"]
[White "Tan, Zhongyi"]
[Black "Ljukin, Sergei"]
[WhiteFideId "8603642"]
[BlackFideId "14102200"]
[WhiteElo "2517"]
[BlackElo "2362"]
[Result "1-0"]
[Round "10"]
[TimeControl "180+2"]
[Date "2023.02.07"]
[WhiteClock "0:00:51"]
[BlackClock "0:00:50"]

1. d4 d5 2. c4 c6 3. Nf3 Nf6 4. e3 e6 5. b3 Bb4+ 6. Nbd2 Bd6 7. Bb2 O-O 8. Bd3 Nbd7 9. O-O b6 10. Ne5 Bb7 11. f4 c5 12. cxd5 Nxd5 13. Ndc4 Be7 14. Qf3 cxd4 15. Bxd4 Nc5 16. Bb1 f6 17. Qh3 f5 18. g4 Bf6 19. gxf5 exf5 20. Bxf5 g6 21. Bxc5 bxc5 22. Be6+ Kg7 23. Rad1 Re8 24. Nf7 Rxe6 25. Nxd8 1-0


[Site "https://www.chess.com"]

[Event "Titled Tuesday Blitz February 07 Early 2023"]
[White "Brilej, Jaka"]
[Black "Manukyan, Sargis A."]
[WhiteFideId "14618818"]
[BlackFideId "13303970"]
[WhiteElo "2321"]
[BlackElo "2158"]
[Result "0-1"]
[Round "10"]
[TimeControl "180+2"]
[Date "2023.02.07"]
[WhiteClock "0:00:15"]
[BlackClock "0:00:18"]

1. d4 d5 2. c4 e6 3. Nc3 Nf6 4. cxd5 exd5 5. Bg5 c6 6. e3 Qb6 7. Rb1 Ne4 8. Nxe4 dxe4 9. Qa4 Bb4+ 10. Kd1 O-O 11. a3 Bd6 12. Ne2 Be6 13. Nc1 Nd7 14. Bc4 Bg4+ 15. Be2 Be6 16. Bc4 Bg4+ 17. Be2 Bxe2+ 18. Nxe2 Qc7 19. Bf4 Nb6 20. Qb4 Rfd8 21. Bxd6 Rxd6 22. Qd2 Nd5 23. Rc1 Qe7 24. Kc2 a5 25. Kb1 b5 26. Nc3 g6 27. Nxd5 cxd5 28. Rc5 b4 29. a4 Qd7 30. b3 Rc6 31. Rxc6 Qxc6 32. Rc1 Qa6 33. Rc5 Qf1+ 34. Kb2 Qxg2 35. Rxd5 h5 36. Re5 Qxh2 37. Rxe4 Qc7 38. Re5 h4 39. Rc5 Qh2 40. d5 h3 41. d6 Rd8 42. d7 Qb8 43. f4 h2 44. Qxh2 Rxd7 45. Qc2 Kh7 46. f5 Qd8 47. fxg6+ fxg6 48. Qe4 Rd2+ 49. Rc2 Qf6+ 50. Kc1 Rxc2+ 51. Qxc2 Qa1+ 52. Kd2 Qe5 53. Qc4 Kh6 54. Qh4+ Kg7 55. Qc4 Qb2+ 56. Kd3 Qb1+ 57. Ke2 Qb2+ 58. Kf3 Qf6+ 59. Ke2 Qb2+ 60. Kf3 Qe5 61. Ke2 g5 62. Kf3 Kf6 63. Qc6+ Kg7 64. Qc4 Kg6 65. Qc6+ Qf6+ 66. Qxf6+ Kxf6 67. Kg4 Ke5 68. Kxg5 Ke4 69. Kf6 Kxe3 70. Ke5 Kd3 71. Kd5 Kc3 72. Kc5 Kxb3 73. Kb5 Ka3 74. Kxa5 b3 75. Kb6 b2 76. a5 b1=Q+ 77. Ka7 Qb5 78. a6 Ka4 79. Ka8 Qxa6+ 0-1


[Site "https://www.chess.com"]

[Event "Titled Tuesday Blitz February 07 Early 2023"]
[White "Kochetov, Andrey"]
[Black "Panesso Rivera, Henry"]
[WhiteFideId "24130532"]
[BlackFideId "4402707"]
[WhiteElo "2165"]
[BlackElo "2342"]
[Result "0-1"]
[Round "10"]
[TimeControl "180+2"]
[Date "2023.02.07"]
[WhiteClock "0:00:35"]
[BlackClock "0:01:12"]

1. e4 d6 2. d4 Nf6 3. Bd3 g6 4. f4 c5 5. c3 cxd4 6. cxd4 Nc6 7. Nf3 Bg4 8. Be3 Qb6 9. b3 Bxf3 10. Qxf3 Qb4+ 11. Bd2 Qxd4 12. Bc3 Qc5 13. b4 Nxb4 14. Nd2 Nxd3+ 15. Qxd3 Bg7 16. Bd4 Qa5 17. O-O O-O 18. Rab1 e5 19. Bc3 Qc7 20. Nc4 Rfd8 21. Ne3 Rac8 22. Ba1 Qc6 23. fxe5 Qxe4 24. Qa3 dxe5 25. Rxb7 Rd3 26. Qe7 Qxe3+ 27. Kh1 Rf8 28. Bxe5 Qe2 29. Rg1 Re3 30. Rb5 Re8 31. Qxa7 R3xe5 32. Rb7 Ng4 33. h3 Qf2 34. Qa4 Qxg1+ 0-1


[Site "https://www.chess.com"]

[Event "Titled Tuesday Blitz February 07 Early 2023"]
[White "Sanchez, Sebastian Felipe"]
[Black "Pein, Jonathan"]
[WhiteFideId "4403304"]
[BlackFideId "417092"]
[WhiteElo "2427"]
[BlackElo "2265"]
[Result "1-0"]
[Round "10"]
[TimeControl "180+2"]
[Date "2023.02.07"]
[WhiteClock "0:00:05"]
[BlackClock "0:00:02"]

1. d4 d6 2. Nf3 g6 3. c4 Bg7 4. Nc3 Nf6 5. h3 O-O 6. e4 b6 7. Be3 Bb7 8. Bd3 Nc6 9. g4 Na5 10. Qe2 e6 11. b4 Nc6 12. a3 Re8 13. Kd2 e5 14. d5 Nd4 15. Bxd4 exd4 16. Nb5 c5 17. dxc6 Bxc6 18. Nfxd4 Bxe4 19. Rhe1 d5 20. f3 Bxd3 21. Qxd3 a6 22. Nc3 dxc4 23. Qxc4 Rc8 24. Qd3 Qd6 25. Rxe8+ Nxe8 26. Nde2 Qh2 27. Rc1 Bh6+ 28. f4 Bxf4+ 29. Kc2 Bxc1 30. Kxc1 Nf6 31. Kb2 b5 32. Kb3 Qc7 33. Qf3 Qc4+ 34. Kb2 Qc6 35. Qd3 h5 36. g5 Nd7 37. Nd5 Re8 38. Nec3 Qc4 39. Qg3 Re2+ 40. Nxe2 Qxe2+ 41. Kc1 Qc4+ 42. Nc3 Nb6 43. Kb2 Na4+ 44. Nxa4 bxa4 45. h4 Qg4 46. Qb8+ Kh7 47. Qc7 Qg2+ 48. Kc3 Qf3+ 49. Kd4 Qf4+ 50. Qxf4 f5 51. Qc7+ 1-0


[Site "https://www.chess.com"]

[Event "Titled Tuesday Blitz February 07 Early 2023"]
[White "Jaskolka, Tomasz"]
[Black "Kuderinov, Kirill"]
[WhiteFideId "1170791"]
[BlackFideId "13701568"]
[WhiteElo "2238"]
[BlackElo "2404"]
[Result "1-0"]
[Round "10"]
[TimeControl "180+2"]
[Date "2023.02.07"]
[WhiteClock "0:00:12"]
[BlackClock "0:00:03"]

1. e4 c5 2. Nf3 Nc6 3. a3 g6 4. b4 Bg7 5. c3 cxb4 6. axb4 Nxb4 7. d4 Nc6 8. Bc4 Nf6 9. e5 Ne4 10. Nbd2 d5 11. Nxe4 dxc4 12. Qa4 Be6 13. Nc5 Bd5 14. Nxb7 Qc7 15. Na5 O-O 16. Nxc6 Bxc6 17. Qxc4 Qd7 18. Qd3 Qe6 19. O-O Rfd8 20. Ba3 h6 21. Bc5 a5 22. Rfe1 a4 23. Nd2 Qd5 24. Qg3 Qd7 25. e6 Qe8 26. exf7+ Qxf7 27. Rxe7 Qf5 28. Qc7 Qf6 29. Rxg7+ Qxg7 30. Qxc6 Rac8 31. Qb5 Qf7 32. h3 Qf4 33. Nf3 Qf5 34. Qc4+ Kh8 35. Rxa4 Qb1+ 36. Kh2 Qf5 37. Ra7 Qf4+ 38. Kg1 Rxc5 39. Qxc5 Qc1+ 40. Kh2 Qf4+ 41. g3 1-0


[Site "https://www.chess.com"]

[Event "Titled Tuesday Blitz February 07 Early 2023"]
[White "Toczek, Grzegorz"]
[Black "Borgaonkar Akshay"]
[WhiteFideId "1106457"]
[BlackFideId "25639110"]
[WhiteElo "2260"]
[BlackElo "1991"]
[Result "0-1"]
[Round "10"]
[TimeControl "180+2"]
[Date "2023.02.07"]
[WhiteClock "0:00:11"]
[BlackClock "0:00:23"]

1. d4 Nf6 2. Nf3 e6 3. Bf4 c5 4. e3 cxd4 5. exd4 Nc6 6. c3 d5 7. Bd3 Bd6 8. Bxd6 Qxd6 9. O-O O-O 10. Nbd2 a6 11. Re1 b5 12. Qe2 Bb7 13. Ne5 Ne7 14. Ndf3 Ng6 15. Nxg6 hxg6 16. Ne5 Nd7 17. f4 Nxe5 18. fxe5 Qe7 19. Qg4 Rfc8 20. Re3 b4 21. cxb4 Qxb4 22. Rf1 Qd2 23. Rh3 Rc1 24. Qh4 Rxf1+ 25. Bxf1 Kf8 26. Qh8+ Ke7 27. Qxg7 Qxd4+ 28. Kh1 Rf8 29. Qf6+ Ke8 30. Rc3 Qb6 31. h3 d4 32. Rb3 Qc6 33. Qf4 Qd5 34. Rd3 g5 35. Qd2 Qxe5 36. Rxd4 Bd5 37. Bxa6 Rh8 38. Bb5+ Kf8 39. Rg4 Rxh3+ 40. Kg1 Qh2+ 41. Kf2 Rh4 42. Qxg5 Rxg4 43. Qxg4 Qe5 44. Qb4+ Kg8 45. a4 Qf6+ 46. Kg1 Qg5 47. a5 Qxg2# 0-1


[Site "https://www.chess.com"]

[Event "Titled Tuesday Blitz February 07 Early 2023"]
[White "Korchmar, Vasiliy"]
[Black "Mamedov, Edgar"]
[WhiteFideId "24131750"]
[BlackFideId "13739980"]
[WhiteElo "2438"]
[BlackElo "2193"]
[Result "0-1"]
[Round "10"]
[TimeControl "180+2"]
[Date "2023.02.07"]
[WhiteClock "0:01:36"]
[BlackClock "0:01:10"]

1. e4 c5 2. Nf3 e6 3. g3 Nc6 4. Bg2 Nf6 5. Qe2 d6 6. O-O Be7 7. c3 O-O 8. d4 cxd4 9. cxd4 d5 10. e5 Ne4 11. Nbd2 Nxd2 12. Bxd2 Qb6 13. Bc3 Bd7 14. h4 Bb4 15. h5 Bxc3 16. bxc3 h6 17. g4 Ne7 18. g5 Bb5 19. Qe3 Nf5 20. Qf4 Bxf1 21. Bxf1 Kh8 22. Bd3 Rac8 23. Bxf5 exf5 24. gxh6 Qxh6 25. Qxf5 Rxc3 26. Ng5 Kg8 27. Kg2 Rc6 28. Rh1 f6 29. Ne6 Re8 30. Nf4 fxe5 31. dxe5 Rf8 32. Nxd5 Rxf5 33. Ne7+ Kh7 34. Nxf5 Qg5+ 35. Ng3 Qxe5 36. h6 0-1


[Site "https://www.chess.com"]

[Event "Titled Tuesday Blitz February 07 Early 2023"]
[White "Demin, Vladimir"]
[Black "Turzo, Attila"]
[WhiteFideId "4167457"]
[BlackFideId "704954"]
[WhiteElo "2430"]
[BlackElo "2279"]
[Result "0-1"]
[Round "10"]
[TimeControl "180+2"]
[Date "2023.02.07"]
[WhiteClock "0:00:01"]
[BlackClock "0:00:12"]

1. e4 c5 2. Nf3 d6 3. d4 cxd4 4. Qxd4 Nf6 5. Nc3 a6 6. Be3 e5 7. Qd2 h6 8. O-O-O Be7 9. h3 Be6 10. Kb1 Nbd7 11. g4 Qc7 12. g5 hxg5 13. Nxg5 b5 14. f3 b4 15. Na4 d5 16. Nxe6 fxe6 17. exd5 exd5 18. Bd3 Qa5 19. b3 Qc7 20. Rhg1 Kf8 21. Qg2 Ne8 22. Bf5 Ndf6 23. f4 exf4 24. Bd4 Rd8 25. Rde1 Qd6 26. Re6 Qc7 27. Bb6 Qb8 28. Bxd8 Qxd8 29. Rge1 Bd6 30. Bg6 Nc7 31. R6e2 Rh6 32. Nb6 Kg8 33. Bd3 Kh8 34. h4 Rxh4 35. Qf3 Rh6 36. Rg2 Nb5 37. Nxd5 Nxd5 38. Reg1 Nbc3+ 39. Kc1 Be5 40. Qg4 Nxa2+ 0-1


[Site "https://www.chess.com"]

[Event "Titled Tuesday Blitz February 07 Early 2023"]
[White "Kvaloy, Aksel Bu"]
[Black "Degenbaev, Aziz"]
[WhiteFideId "1528815"]
[BlackFideId "13802640"]
[WhiteElo "2321"]
[BlackElo "2203"]
[Result "0-1"]
[Round "10"]
[TimeControl "180+2"]
[Date "2023.02.07"]
[WhiteClock "0:00:05"]
[BlackClock "0:00:56"]

1. d4 Nf6 2. c4 g6 3. Nf3 Bg7 4. Nc3 O-O 5. Bg5 d6 6. e3 h6 7. Bh4 c5 8. Be2 cxd4 9. exd4 Nc6 10. O-O Bg4 11. Re1 g5 12. Bg3 Nh5 13. d5 Nxg3 14. hxg3 Bxf3 15. Bxf3 Ne5 16. Qe2 Rc8 17. b3 Nxc4 18. Rac1 Ne5 19. Nb5 a6 20. Nd4 Nxf3+ 21. Nxf3 Bf6 22. g4 Qa5 23. Qd3 Qxa2 24. Rxc8 Rxc8 25. Nd4 Qa5 26. Nf3 Rc3 27. Qf5 Rxf3 28. Qc8+ Kg7 29. Rc1 Rxb3 30. Qe8 Rc3 31. Rb1 Qxd5 32. g3 Rc2 33. Re1 Qd2 34. Rf1 Qe2 35. Qd7 Rd2 36. Qf5 Rd1 37. Rxd1 Qxd1+ 38. Kh2 Qd4 39. Qf3 b5 40. Qe2 b4 41. Qc2 Qc3 42. Qb1 b3 43. Kh1 b2 44. Qe4 Qc1+ 45. Kh2 b1=Q 46. Qg2 Qh1+ 47. Qxh1 Qxh1+ 48. Kxh1 a5 49. Kg2 a4 50. Kg1 a3 51. Kg2 a2 52. Kh2 a1=Q 53. Kg2 Qb2 54. Kg1 Bd4 55. Kh1 Qe2 56. Kh2 Qxf2+ 57. Kh3 Qf1+ 58. Kh2 Bg1+ 59. Kh1 Bf2+ 60. Kh2 Qg1+ 61. Kh3 Qxg3# 0-1


[Site "https://www.chess.com"]

[Event "Titled Tuesday Blitz February 07 Early 2023"]
[White "Yaran, Siar"]
[Black "Devaev, Alexander"]
[WhiteFideId "6323006"]
[BlackFideId "4169395"]
[WhiteElo "2288"]
[BlackElo "2325"]
[Result "1-0"]
[Round "10"]
[TimeControl "180+2"]
[Date "2023.02.07"]
[WhiteClock "0:00:59"]
[BlackClock "0:00:05"]

1. d4 Nf6 2. c4 e6 3. Nc3 Bb4 4. e3 c5 5. Bd3 cxd4 6. exd4 d5 7. cxd5 Nxd5 8. Bd2 Nc6 9. Nf3 O-O 10. O-O Be7 11. a3 Bf6 12. Ne4 Nce7 13. Re1 Ng6 14. g3 b6 15. Qe2 Bb7 16. Rad1 Rc8 17. h4 Nge7 18. Nfg5 h6 19. Nh7 Kxh7 20. Nxf6+ Kh8 21. Nh5 Ng6 22. Be4 Rc7 23. Qg4 Nf6 24. Nxf6 Qxf6 25. Bxb7 Rxb7 26. d5 Qf5 27. Qxf5 exf5 28. h5 Ne7 29. Bb4 Re8 30. d6 a5 31. Bc3 b5 32. d7 1-0


[Site "https://www.chess.com"]

[Event "Titled Tuesday Blitz February 07 Early 2023"]
[White "Plazuelo Pascual, Juan"]
[Black "Ilinca Ilinca, Felix Antonio"]
[WhiteFideId "32059566"]
[BlackFideId "54764998"]
[WhiteElo "2449"]
[BlackElo "2266"]
[Result "0-1"]
[Round "10"]
[TimeControl "180+2"]
[Date "2023.02.07"]
[WhiteClock "0:00:35"]
[BlackClock "0:00:38"]

1. e4 c5 2. Nf3 e6 3. c3 Nf6 4. e5 Nd5 5. d4 cxd4 6. cxd4 d6 7. Bc4 Be7 8. O-O O-O 9. Qe2 Bd7 10. Bxd5 exd5 11. Nc3 Be6 12. Bf4 Nc6 13. exd6 Bxd6 14. Bxd6 Qxd6 15. h3 Rfe8 16. Rfe1 f6 17. Qd2 Bf7 18. Nb5 Qd7 19. Qf4 Rxe1+ 20. Rxe1 Nb4 21. Nc7 Nd3 22. Qg3 Rc8 23. Rd1 Bg6 24. Nh4 Nxb2 25. Rc1 Nc4 26. Nxg6 hxg6 27. Qxg6 Rxc7 28. Re1 Rc8 29. h4 Nd6 30. h5 Qf5 31. Qg3 Ne4 32. Qe3 Qxh5 33. f3 Ng5 34. Qe7 Qg6 35. Qd6 Nxf3+ 36. Kf2 Rc2+ 0-1


[Site "https://www.chess.com"]

[Event "Titled Tuesday Blitz February 07 Early 2023"]
[White "Sowul, Bartosz"]
[Black "Lymar, Vladislav"]
[WhiteFideId "1137590"]
[BlackFideId "14162180"]
[WhiteElo "2269"]
[BlackElo "2119"]
[Result "1-0"]
[Round "10"]
[TimeControl "180+2"]
[Date "2023.02.07"]
[WhiteClock "0:02:33"]
[BlackClock "0:02:41"]

1. e4 c5 2. Nc3 Nc6 3. Bb5 Qc7 4. Nf3 Nf6 5. O-O Nd4 6. Re1 a6 7. Bf1 Ng4 8. e5 Nxf3+ 9. Qxf3 Nxe5 10. Qh5 d6 11. f4 g6 12. Qh4 Nc6 13. Nd5 Qd8 14. Nf6# 1-0


[Site "https://www.chess.com"]

[Event "Titled Tuesday Blitz February 07 Early 2023"]
[White "Ambartsumova, Karina"]
[Black "Dudzinski, Pawel"]
[WhiteFideId "4166299"]
[BlackFideId "1117890"]
[WhiteElo "2393"]
[BlackElo "2186"]
[Result "1-0"]
[Round "10"]
[TimeControl "180+2"]
[Date "2023.02.07"]
[WhiteClock "0:00:13"]
[BlackClock "0:00:16"]

1. e3 c6 2. c4 d5 3. Nf3 e6 4. Nc3 f5 5. b3 Nf6 6. Bb2 Be7 7. Qc2 O-O 8. d4 Bd7 9. Bd3 Be8 10. O-O Nbd7 11. Ne5 Nxe5 12. dxe5 Nd7 13. Ne2 Bf7 14. Nf4 Rc8 15. Bxf5 exf5 16. e6 Bf6 17. Rad1 g5 18. exf7+ Rxf7 19. Ne6 Qe7 20. cxd5 Nb6 21. Bxf6 Qxf6 22. Nd4 Nxd5 23. e4 fxe4 24. Qxe4 Rcf8 25. Qd3 Qf4 26. Nf3 g4 27. Nh4 Kh8 28. g3 Qf6 29. Rde1 Re7 30. Rxe7 Nxe7 31. Qc4 Nf5 32. Qxg4 Nxh4 33. Qxh4 Qxh4 34. gxh4 Rd8 35. f4 Rd2 36. Rf2 Rxf2 37. Kxf2 Kg7 38. Ke3 Kf6 39. Ke4 Ke6 40. h5 h6 41. b4 b6 42. h4 Kf6 43. f5 a6 44. a4 c5 45. bxc5 bxc5 46. Kd5 Kxf5 47. Kxc5 Kg4 48. Kb6 Kxh5 49. Kxa6 Kxh4 50. Kb6 Kg3 51. a5 h5 52. a6 h4 53. a7 h3 54. a8=Q Kh2 55. Qa2+ Kg1 56. Qb1+ Kg2 57. Qc2+ Kg1 58. Qd1+ Kg2 59. Qg4+ Kh1 60. Qxh3+ 1-0


[Site "https://www.chess.com"]

[Event "Titled Tuesday Blitz February 07 Early 2023"]
[White "Cori T., Deysi"]
[Black "Babikov, Ivan"]
[WhiteFideId "3801934"]
[BlackFideId "4161106"]
[WhiteElo "2362"]
[BlackElo "2239"]
[Result "1-0"]
[Round "10"]
[TimeControl "180+2"]
[Date "2023.02.07"]
[WhiteClock "0:01:13"]
[BlackClock "0:00:01"]

1. e4 c6 2. c4 d5 3. exd5 cxd5 4. cxd5 Qxd5 5. Nc3 Qd8 6. d4 Nf6 7. Nf3 Bf5 8. Bb5+ Nbd7 9. O-O e6 10. Ne5 a6 11. Nxd7 Nxd7 12. Ba4 Bd6 13. d5 Qe7 14. dxe6 fxe6 15. Bg5 Qxg5 16. Qxd6 Qe7 17. Rad1 Qxd6 18. Rxd6 b5 19. Nxb5 axb5 20. Bxb5 O-O 21. Rxd7 Rxa2 22. b3 Rb2 23. Bc4 Rb8 24. h3 Kh8 25. Re1 Bc2 26. Rd2 Rb1 27. Rxb1 Bxb1 28. Bxe6 g6 29. g4 Kg7 30. g5 Be4 31. h4 Ra8 32. f4 Ra1+ 33. Kf2 Rh1 34. Ke3 Bc6 35. Rc2 Bb5 36. Rc7+ Kf8 37. Rf7+ Ke8 38. Rb7 Bc6 39. Bf7+ Kf8 40. Rc7 Rxh4 41. Bxg6 Bd5 42. Bxh7 Bxb3 43. Bf5 Bf7 44. g6 Bd5 45. Rd7 Bb3 46. Be4 Bc4 47. f5 Rh3+ 48. Kd4 Ba2 49. f6 Rh1 50. Rd8# 1-0


[Site "https://www.chess.com"]

[Event "Titled Tuesday Blitz February 07 Early 2023"]
[White "Kopczynski, Michal"]
[Black "Fernandez Garcia, Gumersindo"]
[WhiteFideId "1124200"]
[BlackFideId "24516740"]
[WhiteElo "2225"]
[BlackElo "2160"]
[Result "0-1"]
[Round "10"]
[TimeControl "180+2"]
[Date "2023.02.07"]
[WhiteClock "0:00:04"]
[BlackClock "0:00:23"]

1. e4 c5 2. d4 cxd4 3. c3 dxc3 4. Nxc3 e6 5. f4 Nc6 6. Nf3 Qc7 7. Bd3 a6 8. O-O Bc5+ 9. Kh1 Nf6 10. Qe1 d6 11. Bd2 e5 12. Rc1 Qe7 13. Nd5 Nxd5 14. exd5 Nd4 15. fxe5 Nxf3 16. Rxf3 O-O 17. Qe4 f5 18. exf6 Qxe4 19. Bxe4 Rxf6 20. Rxf6 gxf6 21. b4 Bb6 22. Bc3 f5 23. Bd3 Bd7 24. Re1 Rc8 25. Bf6 Kf7 26. Bg5 Re8 27. Rxe8 Kxe8 28. Bf4 Ke7 29. g3 Bd4 30. Kg2 Bc3 31. a3 Bb2 32. Bg5+ Kf7 33. Bf4 Bxa3 34. Bxd6 a5 35. Kf3 axb4 36. Bc2 Bb5 37. Bxf5 Bc4 38. Be6+ Kg6 39. Ke4 b5 40. Bf5+ Kg7 41. Be5+ Kf7 42. Bd6 Ba2 43. Kf3 h6 44. Bc5 Bxd5+ 45. Kg4 Bc4 46. Kh5 Kf6 47. Bd7 Be2+ 48. Kxh6 Bc1+ 49. Kh7 b3 50. Bd4+ Ke7 51. Bf5 b4 52. g4 Bd2 53. h4 Bc3 54. Bc5+ Kf6 55. Bb6 Bd1 56. Bd8+ Kf7 57. g5 Bc2 58. g6+ Ke8 59. Bxc2 bxc2 60. Bg5 b3 61. g7 Bxg7 62. Kxg7 b2 63. h5 b1=Q 64. h6 Qg1 65. Kf6 Qxg5+ 66. Kxg5 c1=Q+ 67. Kg6 Kf8 68. Kh7 Qc7+ 69. Kh8 Qe5+ 70. Kh7 Qe7+ 71. Kh8 Qf6+ 72. Kh7 Qf7+ 73. Kh8 Qg8# 0-1


[Site "https://www.chess.com"]

[Event "Titled Tuesday Blitz February 07 Early 2023"]
[White "Czopor, Maciej"]
[Black "Foerster-Yialamas, Lucas"]
[WhiteFideId "21805431"]
[BlackFideId "30901774"]
[WhiteElo "2385"]
[BlackElo "2151"]
[Result "1-0"]
[Round "10"]
[TimeControl "180+2"]
[Date "2023.02.07"]
[WhiteClock "0:01:23"]
[BlackClock "0:00:50"]

1. c4 g6 2. Nc3 Nf6 3. e4 e5 4. g3 Nc6 5. d3 Bc5 6. h3 O-O 7. Bg2 a6 8. Nge2 d6 9. O-O Be6 10. Kh2 Nd7 11. Bh6 Re8 12. f4 f5 13. Nd5 Nf6 14. Bg5 Bxd5 15. cxd5 Nd4 16. fxe5 dxe5 17. Nxd4 Bxd4 18. exf5 gxf5 19. Rxf5 Rf8 20. Qf3 Kg7 21. Rf1 e4 22. dxe4 Qe7 23. Qf4 Rae8 24. Bh6+ Kh8 25. Bxf8 Rxf8 26. e5 Bxb2 27. Rxf6 Rxf6 28. Qxf6+ Qxf6 29. exf6 Kg8 30. Rb1 Bxf6 31. Rxb7 Be5 32. Ra7 1-0


[Site "https://www.chess.com"]